 Dungeon Crawl Stone Soup version 0.29.0-4-gdea44cf6ec (webtiles) character file.

Game seed: 6806813444749193086

255 qw the Chopper (level 6, -2/34 (35) HPs)
             Began as a Tengu Warper on Aug 28, 2022.
             Was an Initiate of Okawaru.
             Slain by a wight
             ... wielding a +3 falchion
              (6 damage)
             ... on level 4 of the Dungeon.
             The game lasted 00:00:20 (4403 turns).

qw the Chopper (Tengu Warper)                       Turns: 4403, Time: 00:00:20

HP:   -2/34 (35)    AC: 18    Str: 13    XL:     6   Next: 15%
MP:   10/10         EV:  8    Int: 13    God:    Okawaru [......]
Gold: 134           SH:  0    Dex: 14    Spells: 9/9 levels left

rFire   . . .      SeeInvis +   Y - +0 hand axe (protect)
rCold   . . .      Faith    .   (no shield)
rNeg    . . .      Spirit   .   p - +0 plate armour
rPois   .          Reflect  .   d - +1 hat
rElec   .          Harm     .   (no cloak)
rCorr   .          Rampage  .   (no gloves)
Will    .....                   (boots unavailable)
Stlth   ..........              (no amulet)
HPRegen 0.11/turn               j - +4 ring of evasion
MPRegen 0.12/turn               l - ring of see invisible

@: under a protective aura, flying quickly and evasively, lightly drained, quick
A: beak, talons 3, nimble flight
a: Renounce Religion


You were on level 4 of the Dungeon.
You worshipped Okawaru.
Okawaru was noncommittal.
You visited 2 branches of the dungeon, and saw 5 of its levels.

You collected 134 gold pieces.


Innate Abilities, Weirdness & Mutations

You have a beak for a mouth.
You have claws for feet.
Your magical nature lets you fly swiftly and evasively.


   Skills:
 - Level 2.0 Fighting
 + Level 6.6 Axes
 - Level 1.0 Throwing
 - Level 2.0 Armour
 - Level 2.1 Dodging
 - Level 2.0 Spellcasting
 - Level 2.4 Translocations


You had 9 spell levels left.
You didn't know any spells.
Your spell library contained the following spells:

 Spells                   Type           Power      Damage    Failure   Level
 Blink                    Tloc           14%        N/A       100%        2
 Gell's Gravitas          Tloc           7%         N/A       100%        3
 Lesser Beckoning         Tloc           7%         N/A       100%        3
 Teleport Other           Tloc           7%         N/A       100%        3
 Manifold Assault         Tloc           7%         N/A       100%        5

Inventory:

Hand Weapons
 q - a +0 flail
 Y - a +0 hand axe of protection (weapon)
Armour
 d - a +1 hat (worn)
 p - a +0 plate armour (worn)
Jewellery
 j - a +4 ring of evasion (left hand)
 l - a ring of see invisible (right hand)
Scrolls
 b - a scroll of identify
Potions
 e - 3 potions of haste
 h - a potion of invisibility {unknown}
 k - a potion of lignification {unknown}
 n - a potion of flight {unknown}

Dungeon Overview and Level Annotations

Branches:
Dungeon (4/15)             Temple (1/1) D:4

Altars:
Dithmenos
Elyvilon
Fedhas
Gozag
Hepliaklqana
Kikubaaqudgha
Makhleb
Nemelex Xobeh
Okawaru
Qazlal
Sif Muna
Uskayaw
Vehumet
Wu Jian
Xom
Yredelemnul
Zin

Annotations:
D:4 3 runed translucent doors


Message History

You closely miss the wight. The wight hits you with a +3 falchion.
The wight barely misses you.
You closely miss the wight. You peck the wight, but do no damage.
The wight is moderately damaged.
You hit the wight but do no damage. The wight hits you with a +3 falchion.
You feel drained. The wight hits you but does no damage.
You hit the wight but do no damage. Your peck misses the wight.
The wight is moderately damaged.
You closely miss the wight. The wight closely misses you.
The wight barely misses you.
You barely miss the wight.
The wight is moderately damaged.
You hit the wight. The wight barely misses you.
The wight hits you but does no damage.
You closely miss the wight.
The wight is moderately damaged.
You hit the wight but do no damage. The wight closely misses you.
The wight hits you with a +3 dire flail!
You hit the wight. Your kick misses the wight.
The wight is heavily damaged.
You closely miss the wight.
The wight hits you but does no damage. x2
You barely miss the wight. Your kick misses the wight.
The wight is heavily damaged.
You closely miss the wight. The wight barely misses you.
The wight hits you with a +3 dire flail!
You hit the wight but do no damage. You claw the wight, but do no damage.
You peck the wight, but do no damage.
The wight is heavily damaged.
You hit the wight but do no damage. The wight hits you but does no damage.
The wight hits you with a +3 dire flail!
You closely miss the wight. Your kick misses the wight.
The wight is heavily damaged.
You hit the wight but do no damage. The wight hits you with a +3 falchion.
You die...

## !# ###+###.#
#.....#.# #.###.#z#
+.#>'.@z# # #.###.#.#
####. #.....#.#
#....####'###.#
...........b..#
.....b.....bb.#
...........b..# #
#...##'#####[#
##.###...##..####.#####


You could see 2 wights.

Vanquished Creatures
  2 wights (D:4)
  2 orc priests (D:3)
  4 adders
  A worm (D:2)
  A dart slug (D:1)
  2 orcs (D:3)
  A bat (D:1)
  3 endoplasms
  5 giant cockroaches
  3 goblins
  3 hobgoblins
  8 jackals (D:3)
  3 quokkas
  4 ball pythons
  4 frilled lizards
  2 kobolds
  3 rats
51 creatures vanquished.

Vanquished Creatures (others)
  A fungus (D:1)
1 creature vanquished.

Grand Total: 52 creatures vanquished

Notes
Turn   | Place    | Note
-------+----------+-------------------------------------------
     0 | D:1      | qw the Tengu Warper began the quest for the Orb.
     0 | D:1      | Reached XP level 1. HP: 12/12 MP: 4/4
     0 | D:1      | 0 ||| qw: Version: 0.1-a-89-g26bdef1
     0 | D:1      | 0 ||| qw: Game counter: 99
     0 | D:1      | 0 ||| qw: Always use a shield: true
     0 | D:1      | 0 ||| qw: God list: Okawaru
     0 | D:1      | 0 ||| qw: Allow faded altars: false
     0 | D:1      | 0 ||| qw: Do Orc after D:15 true
     0 | D:1      | 0 ||| qw: Do second Lair branch before Depths: true
     0 | D:1      | 0 ||| qw: Lair rune preference: random
     0 | D:1      | 0 ||| qw: Plans: Normal
     0 | D:1      | 0 ||| PLANNING D:1-11
    29 | D:1      | 29 ||| Stepping ~*~*~tactically~*~*~ (stealth).
   161 | D:1      | Found a faded altar of an unknown god.
   308 | D:1      | Reached skill level 3 in Axes
   308 | D:1      | Reached XP level 2. HP: 17/17 MP: 6/6
   921 | D:1      | 921 ||| Stepping ~*~*~tactically~*~*~ (stealth).
   926 | D:1      | 926 ||| Stepping ~*~*~tactically~*~*~ (stealth).
   930 | D:1      | 930 ||| Stepping ~*~*~tactically~*~*~ (stealth).
  1136 | D:1      | 1136 ||| UPGRADING to +1 hat.
  1141 | D:1      | 1141 ||| UPGRADING to +4 ring of evasion.
  1142 | D:1      | 1142 ||| READING scroll labelled JOPSAG GAECO.
  1146 | D:1      | 1146 ||| READING scroll labelled ONURYJY KAJYSM.
  1147 | D:1      | 1147 ||| READING scroll labelled ESOLLU PIYWUM.
  1148 | D:1      | 1148 ||| READING scroll labelled GUGONE QOTESK.
  1149 | D:1      | 1149 ||| DROPPING scroll of blinking.
  1227 | D:2      | Reached XP level 3. HP: 9/21 MP: 7/7
  1590 | D:2      | 1590 ||| Stepping ~*~*~tactically~*~*~ (stealth).
  1861 | D:2      | Reached skill level 4 in Axes
  2690 | D:2      | 2690 ||| UPGRADING to +0 ring mail.
  2700 | D:2      | 2700 ||| DROPPING +0 leather armour.
  2701 | D:2      | 2701 ||| UPGRADING to +0 plate armour.
  2711 | D:2      | 2711 ||| DROPPING +0 ring mail.
  2712 | D:2      | 2712 ||| READING scroll labelled XEWAEM RIVULU.
  2713 | D:2      | 2713 ||| READING scroll labelled WIMOFEEJOG.
  2833 | D:3      | Reached XP level 4. HP: 26/26 MP: 8/8
  2901 | D:3      | 2901 ||| Stepping ~*~*~tactically~*~*~ (stealth).
  2904 | D:3      | 2904 ||| Stepping ~*~*~tactically~*~*~ (stealth).
  2906 | D:3      | 2906 ||| Stepping ~*~*~tactically~*~*~ (stealth).
  3060 | D:3      | 3060 ||| Stepping ~*~*~tactically~*~*~ (stealth).
  3061 | D:3      | 3061 ||| Stepping ~*~*~tactically~*~*~ (stealth).
  3062 | D:3      | 3062 ||| Stepping ~*~*~tactically~*~*~ (stealth).
  3150 | D:3      | Reached skill level 5 in Axes
  3151 | D:3      | 3151 ||| Stepping ~*~*~tactically~*~*~ (hiding).
  3159 | D:3      | Gained mutation: Your magical nature lets you fly swiftly
                  | and evasively. [Tengu growth]
  3159 | D:3      | Reached XP level 5. HP: 15/30 MP: 9/9
  3181 | D:3      | 3181 ||| FLEEEEING.
  3182 | D:3      | 3182 ||| FLEEEEING.
  3183 | D:3      | 3183 ||| FLEEEEING.
  3184 | D:3      | 3184 ||| FLEEEEING.
  3185 | D:3      | 3185 ||| FLEEEEING.
  3186 | D:3      | 3186 ||| FLEEEEING.
  3187 | D:3      | 3187 ||| FLEEEEING.
  3188 | D:3      | 3188 ||| FLEEEEING.
  3189 | D:3      | 3189 ||| FLEEEEING.
  3190 | D:3      | 3190 ||| FLEEEEING.
  3191 | D:3      | 3191 ||| FLEEEEING.
  3192 | D:3      | 3192 ||| FLEEEEING.
  3194 | D:3      | 3194 ||| FLEEEEING.
  3195 | D:3      | 3195 ||| FLEEEEING.
  3196 | D:3      | 3196 ||| FLEEEEING.
  3197 | D:3      | 3197 ||| FLEEEEING.
  3198 | D:3      | 3198 ||| FLEEEEING.
  3199 | D:3      | 3199 ||| FLEEEEING.
  3202 | D:3      | 3202 ||| FLEEEEING.
  3203 | D:3      | 3203 ||| FLEEEEING.
  3204 | D:3      | 3204 ||| FLEEEEING.
  3205 | D:3      | 3205 ||| FLEEEEING.
  3206 | D:3      | 3206 ||| FLEEEEING.
  3207 | D:3      | 3207 ||| FLEEEEING.
  3208 | D:3      | 3208 ||| FLEEEEING.
  3209 | D:3      | 3209 ||| FLEEEEING.
  3210 | D:3      | 3210 ||| FLEEEEING.
  3211 | D:3      | 3211 ||| FLEEEEING.
  3212 | D:3      | 3212 ||| FLEEEEING.
  3213 | D:3      | 3213 ||| FLEEEEING.
  3214 | D:3      | 3214 ||| FLEEEEING.
  3215 | D:3      | 3215 ||| FLEEEEING.
  3216 | D:3      | 3216 ||| FLEEEEING.
  3217 | D:3      | 3217 ||| FLEEEEING.
  3218 | D:3      | 3218 ||| FLEEEEING.
  3219 | D:3      | 3219 ||| FLEEEEING.
  3234 | D:3      | 3234 ||| FLEEEEING.
  3235 | D:3      | 3235 ||| FLEEEEING.
  3236 | D:3      | 3236 ||| FLEEEEING.
  3240 | D:3      | 3240 ||| FLEEEEING.
  3241 | D:3      | 3241 ||| FLEEEEING.
  3242 | D:3      | 3242 ||| FLEEEEING.
  3251 | D:3      | 3251 ||| FLEEEEING.
  3252 | D:3      | 3252 ||| FLEEEEING.
  3253 | D:3      | 3253 ||| FLEEEEING.
  3254 | D:3      | 3254 ||| FLEEEEING.
  3255 | D:3      | 3255 ||| FLEEEEING.
  3266 | D:3      | 3266 ||| FLEEEEING.
  3282 | D:3      | 3282 ||| FLEEEEING.
  3283 | D:3      | 3283 ||| FLEEEEING.
  3284 | D:3      | 3284 ||| FLEEEEING.
  3285 | D:3      | 3285 ||| FLEEEEING.
  3286 | D:3      | 3286 ||| FLEEEEING.
  3287 | D:3      | 3287 ||| FLEEEEING.
  3288 | D:3      | 3288 ||| FLEEEEING.
  3289 | D:3      | 3289 ||| FLEEEEING.
  3290 | D:3      | 3290 ||| FLEEEEING.
  3291 | D:3      | 3291 ||| FLEEEEING.
  3292 | D:3      | 3292 ||| FLEEEEING.
  3359 | D:3      | 3359 ||| Stepping ~*~*~tactically~*~*~ (stealth).
  3361 | D:3      | 3361 ||| Stepping ~*~*~tactically~*~*~ (stealth).
  3581 | D:3      | 3581 ||| DROPPING +0 whip.
  3767 | D:3      | 3767 ||| UPGRADING to ring of see invisible.
  3768 | D:3      | 3768 ||| READING scroll labelled DOYHIA DOLAXT.
  3769 | D:3      | 3769 ||| READING scroll labelled QEMUIJU BUIF.
  3770 | D:3      | 3770 ||| DRINKING 2 golden potions.
  3771 | D:3      | 3771 ||| READING 3 scrolls of identify.
  3771 | D:3      | 3771 ||| IDENTIFYING sedimented brown potion
  3772 | D:3      | 3772 ||| READING 2 scrolls of identify.
  3772 | D:3      | 3772 ||| IDENTIFYING white potion
  3773 | D:3      | 3773 ||| DROPPING potion of degeneration.
  3774 | D:3      | 3774 ||| DROPPING potion of attraction.
  3782 | D:4      | Found a runed translucent gate.
  3782 | D:4      | Found a runed translucent gate.
  3782 | D:4      | Found a runed translucent gate.
  3820 | D:4      | Reached skill level 6 in Axes
  3820 | D:4      | 3820 ||| DRINKING potion of curing.
  3820 | D:4      | 3820 ||| (to cure poison)
  3901 | D:4      | HP: 6/29 [wight/+4 dagger (11)]
  3902 | D:4      | 3902 ||| READING scroll of teleportation.
  3912 | D:4      | Reached XP level 6. HP: 7/35 MP: 10/10
  4173 | D:4      | Found a staircase to the Ecumenical Temple.
  4174 | D:4      | 4174 ||| PLANNING TEMPLE
  4174 | D:4      | 4174 ||| READING scroll labelled HUMYLUBLITYI.
  4182 | Temple   | Entered the Ecumenical Temple
  4192 | Temple   | Became a worshipper of Warmaster Okawaru
  4364 | Temple   | 4364 ||| PLANNING D:1-11
  4402 | D:4      | HP: 4/34 [wight/+3 dire flail (12)]
  4403 | D:4      | Slain by a wight

Levels and vault maps discovered:
D:1:      tarquinn_simple_flora_water_c, layout_basic,
          shapermc_ecumenical_altar_mp_ritualfount
D:2:      layout_basic
D:3:      layout_loops_corners
D:4:      layout_gridville, nicolae_overflow_hallway_of_the_gods,
          minmay_temple_entry_glassed_door, gammafunk_ghost_necromancy
Temple:   bh_familiar_temple

Skill      XL: |  1  2  3  4  5 |
---------------+----------------+-----
Axes           | 3 4 5 6 |  6.6
Armour         | 2 |  2.0
Fighting       | |  2.0
Throwing       | |  1.0
Dodging        | |  2.1
Spellcasting   | |  2.0
Translocations | |  2.4

Action                   |  1- 3 |  4- 6 || total
-------------------------+-------+-------++-------
Melee: Hand axe          |    64 |    87 ||   151
       Kick              |    14 |    32 ||    46
       Peck              |    10 |    14 ||    24
Throw: Boomerang         |    10 |       ||    10
  Use: Scroll            |     6 |     6 ||    12
       Potion            |       |     2 ||     2
Armor: Leather armour    |     7 |       ||     7
       Plate armour      |     4 |    39 ||    43
Dodge: Dodged            |    31 |    33 ||    64

Table legend:
 A = Non-vault XP
 B = Vault XP
 C = Vault XP percentage of total XP
 D = Non-vault monster count
 E = Vault monster count
 F = Vault count percentage of total count
                 A         B        C        D         E       F
            +---------+---------+-------+---------+---------+-------
      Total |     365 |       0 |   0.0 |      51 |       0 |   0.0
            +---------+---------+-------+---------+---------+-------
        D:1 |      30 |       0 |   0.0 |      17 |       0 |   0.0
        D:2 |      45 |       0 |   0.0 |      10 |       0 |   0.0
        D:3 |     133 |       0 |   0.0 |      21 |       0 |   0.0
        D:4 |     157 |       0 |   0.0 |       3 |       0 |   0.0
            +---------+---------+-------+---------+---------+-------
